 Dungeon Crawl Stone Soup version 0.31-a0-202-g547052bce9 (webtiles) character file.

Game seed: 15004081064792734922

39 qw the Shooter (level 3, -1/20 HPs)
             Began as a Deep Elf Hunter on June 26, 2023.
             Slain by a goblin
             ... wielding a +0 club
             ... led by Robin
              (4 damage)
             ... on level 2 of the Dungeon.
             The game lasted 00:00:21 (705 turns).

qw the Shooter (Deep Elf Hunter)                     Turns: 705, Time: 00:00:21

Health: -1/20      AC:  5    Str: 10    XL:     3   Next: 26%
Magic:  5/5        EV: 11    Int: 13    God:
Gold:   8          SH:  0    Dex: 18    Spells: 2/2 levels left

rFire   . . .        Y - +1 shortbow
rCold   . . .        (shield currently unavailable)
rNeg    + . .        j - +0 ring mail
rPois   .            (no helmet)
rElec   .            (no cloak)
rCorr   .            (no gloves)
SInv    .            (no boots)
Will    .....        (no amulet)
Stlth   +            g - ring of positive energy
HPRegen 0.23/turn    (no ring)
MPRegen 0.09/turn

%: no passive effects
@: no status effects
A: no striking features
a: no special abilities


You were on level 2 of the Dungeon.
You visited 1 branch of the dungeon, and saw 2 of its levels.

You collected 8 gold pieces.


   Skills:
 - Level 1.5 Fighting
 + Level 6.8 Ranged Weapons
 - Level 2.4 Dodging
 - Level 1.2 Stealth


You had 2 spell levels left.
You didn't know any spells.
Your spell library was empty.

Inventory:

Hand Weapons
 Y - a +1 shortbow (weapon)
Armour
 j - a +0 ring mail (worn)
Jewellery
 g - a ring of positive energy (left hand)
Scrolls
 f - a scroll of identify
Potions
 a - a potion of lignification {unknown}
 d - a potion of might {unknown}
 h - a potion of enlightenment {unknown}
 i - a potion of curing {unknown}

Dungeon Overview and Level Annotations

Branches:
Dungeon (2/15)

Altars:

Annotations:
D:2 Robin


Message History

Robin roars a battlecry!
The goblins go into a battle-frenzy!
A hobgoblin comes into view.
You shoot an arrow. The arrow closely misses the hobgoblin.
The arrow hits the hobgoblin.
You kill the hobgoblin!
The hobgoblin hits you. The goblin hits you with a +0 club.
A goblin comes into view. It is wielding a +0 club.
The goblin completely misses you. The hobgoblin hits you.
A goblin comes into view. It is wielding a +0 club.
A goblin comes into view. It is wielding a +0 dagger.
You shoot an arrow. The goblin shouts!
The arrow hits the hobgoblin.
You kill the hobgoblin!
You hear a shout!
A goblin comes into view. It is wielding a +0 club.
The goblin hits you with a +0 club.
You shoot an arrow. The arrow hits the goblin.
You kill the goblin!
You shoot an arrow. The arrow hits the goblin.
The goblin is moderately wounded.
You shoot an arrow. The arrow hits the goblin.
You kill the goblin!
Robin throws the goblin at you! The goblin barely misses you.
The goblin closely misses you.
You shoot an arrow. The arrow hits the hobgoblin.
The hobgoblin is almost dead.
The hobgoblin hits you. The goblin barely misses you.
The goblin hits you with a +0 club.
A hobgoblin comes into view.
The hobgoblin barely misses you. The goblin hits you but does no damage.
You shoot an arrow. The hobgoblin shouts!
The arrow hits the hobgoblin!
You kill the hobgoblin!
The goblin closely misses you.
Robin hits you with a +1 short sword of holy wrath.
The goblin hits you with a +0 club.
You die...

####### #<....#
#######.# ####### #....
#.# .....). #...#.##
....... #...)%.#####
.......
#....#.....###)...g..
#.)..#.##..%g@gg..(..
......##+##....gg....?.
#.#.## #....g...#### #
#. #........# #
.......#### ..........
.......##.##
##........# #.#... ..


You could see Robin, a hobgoblin (strong) and 5 goblins.

Vanquished Creatures
  An adder (D:2)
  A dart slug (D:2)
  An endoplasm (D:1)
  2 giant cockroaches (D:1)
  6 goblins
  4 hobgoblins
  A quokka (D:1)
  2 ball pythons (D:1)
  3 bats (D:1)
  5 kobolds
  3 rats (D:1)
29 creatures vanquished.

Notes
Turn   | Place    | Note
-------+----------+-------------------------------------------
     0 | D:1      | qw the Deep Elf Hunter began the quest for the Orb.
     0 | D:1      | Reached XP level 1. HP: 12/12 MP: 3/3
     0 | D:1      | 0 ||| qw: Version: 0.3-a-22-g0ed2b0b
     0 | D:1      | 0 ||| qw: Game counter: 6226
     0 | D:1      | 0 ||| qw: Melee chars always use a shield: true
     0 | D:1      | 0 ||| qw: God list: Okawaru
     0 | D:1      | 0 ||| qw: Allow faded altars: false
     0 | D:1      | 0 ||| qw: Do Orc after clearing Dungeon:15 true
     0 | D:1      | 0 ||| qw: Do second Lair branch before Depths: true
     0 | D:1      | 0 ||| qw: Lair rune preference: random
     0 | D:1      | 0 ||| qw: Goals: Normal
     0 | D:1      | 0 ||| PLANNING D:1-11
   250 | D:1      | Reached skill level 6 in Ranged Weapons
   250 | D:1      | Reached XP level 2. HP: 16/16 MP: 4/4
   613 | D:1      | 613 ||| UPGRADING to +0 ring mail.
   623 | D:1      | 623 ||| DROPPING +0 leather armour.
   624 | D:1      | 624 ||| UPGRADING to ring of positive energy.
   625 | D:1      | 625 ||| READING scroll labelled OBLOENGIDO.
   626 | D:1      | 626 ||| READING 2 scrolls labelled CYHUEG XOCS.
   627 | D:1      | 627 ||| READING 2 scrolls labelled XUROSONEDU.
   628 | D:1      | 628 ||| READING scroll labelled WACIMN DEPRI.
   629 | D:1      | 629 ||| READING scroll labelled YXUCONA NENYIH.
   634 | D:1      | 634 ||| READING scroll labelled VOPAER IRHYN.
   635 | D:1      | 635 ||| DROPPING scroll of butterflies.
   636 | D:1      | 636 ||| DROPPING scroll of immolation.
   661 | D:2      | Reached XP level 3. HP: 17/20 MP: 5/5
   697 | D:2      | Noticed Robin
   705 | D:2      | HP: 3/20 [Robin/+1 short sword of holy wrath (3)]
   705 | D:2      | Slain by a goblin

Levels and vault maps discovered:
D:1:      noname_arrival_rooms_in_the_neighbourhood, layout_loops_ring
D:2:      kb_forest_paths, layout_basic, uniq_robin, uniq_crazy_yiuf_cottage

Skill      XL: |  1 |
---------------+----+-----
Ranged Weapons | 6 |  6.8
Fighting       | |  1.5
Dodging        | |  2.4
Stealth        | |  1.2

Action                     || total
---------------------------++-------
   Fire: Shortbow          ||    76
    Use: Scroll            ||     6
 Armour: Leather armour    ||     6
         Ring mail         ||     9
  Dodge: Dodged            ||    15

Table legend:
 A = Non-vault XP
 B = Vault XP
 C = Vault XP percentage of total XP
 D = Non-vault monster count
 E = Vault monster count
 F = Vault count percentage of total count
                 A         B        C        D         E       F
            +---------+---------+-------+---------+---------+-------
      Total |      47 |      11 |  19.0 |      23 |       6 |  20.7
            +---------+---------+-------+---------+---------+-------
        D:1 |      25 |       0 |   0.0 |      18 |       0 |   0.0
        D:2 |      22 |      11 |  33.3 |       5 |       6 |  54.5
            +---------+---------+-------+---------+---------+-------
